 Dungeon Crawl Stone Soup version 0.29-a0-323-g050149af67 (webtiles) character file.

Game seed: 9659420123796150278

1469 spaghetti the Wallflower (level 8, -2/58 HPs)
             Began as a Demonspawn Fighter on Apr 11, 2022.
             Was a Follower of Uskayaw.
             Slain by a steam dragon (3 damage)
             ... on level 7 of the Dungeon.
             The game lasted 00:09:42 (6156 turns).

spaghetti the Wallflower (Demonspawn Fighter)       Turns: 6156, Time: 00:09:42

Health: -2/58      AC:  9    Str: 17    XL:     8   Next: 49%
Magic:  13/13      EV: 15    Int: 10    God:    Uskayaw [*.....]
Gold:   342        SH:  5    Dex: 16    Spells: 7/7 levels left

rFire   . . .      SeeInvis .   a - +2 spear (venom) {polearm}
rCold   . . .      Faith    .   j - +0 buckler
rNeg    + . .      Spirit   .   u - +0 scale mail
rPois   .          Reflect  .   (no helmet)
rElec   .          Harm     .   (no cloak)
rCorr   .          Rampage  .   (no gloves)
Will    .....                   r - +2 pair of boots
Stlth   +++.......              (no amulet)
HPRegen 0.19/turn               v - ring of positive energy
MPRegen 0.13/turn               E - +4 ring of evasion

@: mighty
A: thin skeletal structure 1, powered by death 2, weakness stinger 1
a: Renounce Religion, Stomp


You were on level 7 of the Dungeon.
You worshipped Uskayaw.
Uskayaw was noncommittal.
You visited 1 branch of the dungeon, and saw 7 of its levels.

You collected 342 gold pieces.


Innate Abilities, Weirdness & Mutations

You have a somewhat thin skeletal structure. (Dex +2, Stealth+)
You regenerate health from kills.
You have a small tail.


   Skills:
 - Level 3.0 Fighting
 - Level 2.6 Short Blades
 - Level 2.5 Throwing
 - Level 2.6 Armour
 + Level 4.7 Dodging
 + Level 5.3 Stealth
 - Level 2.6 Shields
 - Level 2.3 Unarmed Combat
 + Level 6.9 Invocations


You had 7 spell levels left.
You didn't know any spells.
Your spell library contained the following spells:

 Spells                   Type           Power      Damage    Failure   Level
 Pain                     Necr           0%         1d4       86%         1
 Agony                    Necr           0%         N/A       100%        5
 Excruciating Wounds      Necr           0%         N/A       100%        5

Inventory:

Hand Weapons
 a - a +2 spear of venom (weapon) {polearm}
   (You found it on level 4 of the Dungeon)
 b - the +9 hunting sling of the Eggplant {freeze, +Blink rPois Dex-5, sling}
   (You found it on level 2 of the Dungeon)

   Any ammunition fired from it freezes those it strikes, dealing additional
   cold damage.
   It can also slow down cold-blooded creatures.
   Dex:       It affects your dexterity (-5).
   rPois:     It protects you from poison.
   +Blink:    It lets you blink.
 d - a +0 rapier {short}
   (You found it on level 3 of the Dungeon)
 x - a +1 dagger of venom {short}
   (You took it off a goblin on level 1 of the Dungeon)
Missiles
 f - 165 stones (quivered) {throwing}
 i - 13 poisoned darts {throwing}
 m - a boomerang {throwing}
 t - 4 javelins {throwing}
Armour
 j - a +0 buckler (worn)
 r - a +2 pair of boots (worn)
   (You found it on level 2 of the Dungeon)
 u - a +0 scale mail (worn)
Magical Staves
 A - a staff of cold {!astaff}
   (You found it on level 6 of the Dungeon)
Jewellery
 v - a ring of positive energy (left hand)
   (You found it on level 4 of the Dungeon)
 B - a ring of willpower
   (You took it off an orc on level 6 of the Dungeon)
 E - a +4 ring of evasion (right hand)
   (You found it on level 6 of the Dungeon)
Wands
 h - a wand of acid (6)
   (You found it on level 3 of the Dungeon)
 F - a wand of paralysis (8)
   (You found it on level 7 of the Dungeon)
Scrolls
 o - a scroll of enchant weapon
 s - 2 scrolls of teleportation {@r4}
 y - a scroll of enchant armour
 z - a scroll of amnesia
 D - a scroll of summoning {unknown}
Potions
 c - 2 potions of might
 e - a potion of flight
 g - 3 potions of curing {@q1}
 k - 3 potions of attraction {unknown}
 l - 2 potions of brilliance {unknown}
 n - 3 potions of invisibility {unknown}
 p - 3 potions of degeneration {unknown}
 q - 2 potions of heal wounds {unknown}
 w - 2 potions of cancellation {unknown}
 C - a potion of haste {unknown}

Dungeon Overview and Level Annotations

Branches:
Dungeon (7/15)             Temple (0/1) D:5

Altars:
Gozag
Uskayaw

..# #.##.# #.#
####.##.##### #...
............#
#####
#.......#.#<### #
#.....§§#.#... ###
## #.....§.#..#
.... ..
....§.§...## ....#
..
.........§.#.....#
>.#
#.......##@D......
..#
#.......###....###
..# ###.##.##
....# #. #. .#.##
# #. .#.# .. .. .
.. .. ## ..


You could see a steam dragon (very poisoned, catching breath).


Message History

Done exploring.
(D) Dungeon (T) Temple
Where to? (Enter - D:5, ? - help)
Items here: )) [[ ÷÷.
There is a stone staircase leading down here.
You climb downwards.
Found a stone staircase leading up.
There is a stone staircase leading up here.
Unknown command.
Unknown command.
Your +2 spear of venom {polearm} stops dripping with poison.
You feel clumsy.
The +9 hunting sling of the Eggplant {freeze, +Blink rPois Dex-5, sling} is covered in frost.
b - the +9 hunting sling of the Eggplant (weapon)
{freeze, +Blink rPois Dex-5, sling}
Found a stone staircase leading down.
No target in view!
k - 3 silvery potions (gained 1)
Found an escape hatch in the floor.
Found a stone staircase leading down.
No target in view!
An orc comes into view. It is wielding a +0 club.
An orc is nearby!
You shoot a sling bullet. The sling bullet hits the orc.
The sling bullet freezes the orc.
You shoot a sling bullet. The sling bullet hits the orc.
The sling bullet freezes the orc.
You kill the orc!
No target in view!
No target in view!
No target in view!
No target in view!
No target in view!
No target in view!
No target in view!
No target in view!
No target in view!
No target in view!
No target in view!
There is an escape hatch in the floor here.
There is a stone staircase leading down here.
Key pressed, stopping explore.
F - a wand of paralysis (8)
You now have 335 gold pieces (gained 12).
Found a stone staircase leading up.
No target in view!
No target in view!
No target in view!
No target in view!
l - 2 brown potions (gained 1)
You now have 342 gold pieces (gained 7).
A steam dragon comes into view.
The steam dragon hisses angrily.
The steam dragon breathes steam at you. The ball of steam hits you!!
The steam dragon moves out of view. 😮 HP[-20]
You take 20 damage, and now have 38/58 hp.
MASSIVE DAMAGE!! (PAUSE)
You start resting.
A steam dragon is nearby! 😮 HP[+1]
You are too injured to fight recklessly!
The +9 hunting sling of the Eggplant {freeze, +Blink rPois Dex-5, sling} stops glowing.
Your +2 spear of venom {polearm} begins to drip with poison!
a - a +2 spear of venom (weapon)
{polearm} The steam dragon breathes steam at you.
The ball of steam hits you!
* * * LOW HITPOINT WARNING * * *
You hear a shout! 😨 HP[-13]
You take 13 damage, and now have 26/58 hp.
MASSIVE DAMAGE!! (PAUSE) Unknown command.
You barely miss the steam dragon. You tail-slap the steam dragon.
You are engulfed in a cloud of scalding steam.
The steam dragon bites you.
* * * LOW HITPOINT WARNING * * *
The steam dragon closely misses you. 😨 HP[-5]
You take 5 damage, and now have 21/58 hp.
Unknown command.
Okay, then.
You feel very mighty all of a sudden.
You are engulfed in a cloud of scalding steam.
* * * LOW HITPOINT WARNING * * *
The steam dragon barely misses you. x2 😱 HP[-7]
You take 7 damage, and now have 14/58 hp.
You puncture the steam dragon!
The steam dragon is poisoned.
You are engulfed in a cloud of scalding steam.
* * * LOW HITPOINT WARNING * * *
The steam dragon bites you but does no damage.
The steam dragon completely misses you. 😱 HP[-4]
You take 4 damage, and now have 10/58 hp.
You closely miss the steam dragon.
Your tail-slap misses the steam dragon.
The steam dragon breathes steam at you. The ball of steam hits you!
* * * LOW HITPOINT WARNING * * *
The steam dragon closely misses you. The steam dragon claws you.
You die...

Skill      XL: |  1  2  3  4  5  6  7  8 |
---------------+-------------------------+-----
Unarmed Combat | 2 |  2.3
Invocations    | 1 2 3 4 5 6 |  6.9
Stealth        | 1 2 3 4 5 |  5.3
Short Blades   | 1 2 |  2.6
Throwing       | 1 2 |  2.5
Dodging        | 1 2 3 4 |  4.7
Fighting       | |  3.0
Armour         | |  2.6
Shields        | |  2.6

Action                   |  1- 3 |  4- 6 |  7- 9 || total
-------------------------+-------+-------+-------++-------
Melee: Unarmed           |    20 |       |       ||    20
       Dagger            |    65 |    96 |       ||   161
       Tailslap          |    11 |    19 |    10 ||    40
       Spear             |       |    22 |    59 ||    81
 Fire: Hunting sling     |     2 |    19 |    68 ||    89
Throw: Stone             |    17 |    36 |       ||    53
       Dart              |       |     4 |       ||     4
Invok: Stomp             |       |     1 |     3 ||     4
       Line Pass         |       |       |     3 ||     3
  Use: Scroll            |       |    11 |     2 ||    13
       Potion            |       |       |     3 ||     3
Armor: Scale mail        |    31 |    52 |    26 ||   109
Dodge: Dodged            |    35 |    48 |    39 ||   122
Block: Buckler           |    16 |    20 |    13 ||    49

Levels and vault maps discovered:
D:1:      eino_arrival_tree_alley, layout_loops_ring,
          hellmonk_ecumenical_altar_crossroads
D:2:      layout_loops_ring, serial_bayou_ford_a
D:3:      layout_loops_corners, grunt_gozag_breadcrumbs
D:4:      layout_loops_ring
D:5:      layout_loops_ring, lemuel_temple_firewalk_b
D:6:      layout_rooms
D:7:      layout_loops_ring, kennysheep_boxes

Notes
Turn   | Place    | Note
-------+----------+-------------------------------------------
     0 | D:1      | spaghetti the Demonspawn Fighter began the quest for the
                  | Orb.
     0 | D:1      | Reached XP level 1. HP: 18/18 MP: 1/1
     0 | D:1      | magus.rc [v1.9.6]
    38 | D:1      | Found a faded altar of an unknown god.
    61 | D:1      | Prayed at the altar of an unknown god.
    61 | D:1      | Became a worshipper of Uskayaw the Reveller
    61 | D:1      | Reached * piety under Uskayaw
   116 | D:1      | Reached skill level 2 in Unarmed Combat
   118 | D:1      | Reached ** piety under Uskayaw
   301 | D:1      | You pick up a book of Pain and begin reading...
   301 | D:1      | You add the spells Pain, Agony and Excruciating Wounds to
                  | your library.
   328 | D:1      | Gained mutation: You have a small tail. [demonic ancestry]
   328 | D:1      | Reached XP level 2. HP: 23/24 MP: 2/2
   433 | D:1      | Reached skill level 1 in Invocations
  1011 | D:2      | Reached skill level 1 in Stealth
  1011 | D:2      | Reached XP level 3. HP: 25/29 MP: 4/4
  1722 | D:2      | Identified the +9 hunting sling of the Eggplant {freeze,
                  | +Blink rPois Dex-5}
  1834 | D:3      | Reached skill level 1 in Short Blades
  1834 | D:3      | Reached skill level 2 in Invocations
  1834 | D:3      | Reached XP level 4. HP: 28/35 MP: 5/5
  1835 | D:3      | Reached *** piety under Uskayaw
  2047 | D:3      | Found an opulent altar of Gozag.
  2122 | D:3      | Reached skill level 1 in Throwing
  2123 | D:3      | Reached skill level 1 in Dodging
  3046 | D:4      | Gained mutation: You regenerate a little health from kills.
                  | [demonic ancestry]
  3046 | D:4      | Reached XP level 5. HP: 21/41 MP: 2/6
  3399 | D:4      | Reached skill level 2 in Stealth
  3548 | D:4      | Reached skill level 3 in Invocations
  3782 | D:4      | Noticed an ogre
  3788 | D:4      | Killed an ogre
  3789 | D:4      | Reached skill level 2 in Short Blades
  3789 | D:4      | Reached skill level 2 in Dodging
  3789 | D:4      | Gained mutation: You regenerate health from kills. [demonic
                  | ancestry]
  3789 | D:4      | Reached XP level 6. HP: 47/47 MP: 8/8
  4033 | D:5      | Entered Level 5 of the Dungeon
  4118 | D:5      | Reached skill level 2 in Throwing
  4563 | D:5      | Found a staircase to the Ecumenical Temple.
  4742 | D:5      | Reached skill level 3 in Stealth
  4742 | D:5      | Reached skill level 4 in Invocations
  4742 | D:5      | Gained mutation: You have a somewhat thin skeletal
                  | structure. (Dex +2, Stealth+) [demonic ancestry]
  4742 | D:5      | Reached XP level 7. HP: 48/52 MP: 8/10
  5091 | D:6      | Reached skill level 3 in Dodging
  5124 | D:6      | HP: 13/52 [orc warrior/+0 long sword (3)]
  5127 | D:6      | Reached skill level 5 in Invocations
  5134 | D:6      | Reached skill level 4 in Stealth
  5260 | D:6      | HP: 5/52 [ogre/+0 giant spiked club (11)]
  5263 | D:6      | Reached XP level 8. HP: 6/58 MP: 7/12
  5562 | D:6      | Reached skill level 4 in Dodging
  5562 | D:6      | Reached skill level 6 in Invocations
  5761 | D:6      | Reached skill level 5 in Stealth
  6154 | D:7      | HP: 14/58 [steam dragon] (7)]
  6156 | D:7      | HP: 1/58 [steam dragon/ball of steam (9)]
  6156 | D:7      | Slain by a steam dragon

Vanquished Creatures
  A water moccasin (D:6)
  An orc warrior (D:6)
  An ice beast (D:6)
  3 ogres
  A phantom (D:5)
  3 scorpions
  2 necrophages (D:6)
  A howler monkey (D:6)
  3 hounds
  An orc priest (D:5)
  4 iguanas (D:6)
  4 orc wizards
  8 adders
  A white imp (D:6)
  An ufetubus (D:5)
  A worm (D:3)
  3 dart slugs
  24 orcs
  6 endoplasms
  2 giant cockroaches (D:1)
  3 goblins
  6 hobgoblins
  5 ball pythons
  10 bats
  6 kobolds
  4 rats
105 creatures vanquished.

Table legend:
 A = Non-vault XP
 B = Vault XP
 C = Vault XP percentage of total XP
 D = Non-vault monster count
 E = Vault monster count
 F = Vault count percentage of total count
                 A         B        C        D         E       F
            +---------+---------+-------+---------+---------+-------
      Total |    2099 |       0 |   0.0 |     105 |       0 |   0.0
            +---------+---------+-------+---------+---------+-------
        D:1 |      29 |       0 |   0.0 |      15 |       0 |   0.0
        D:2 |      28 |       0 |   0.0 |       9 |       0 |   0.0
        D:3 |     102 |       0 |   0.0 |      22 |       0 |   0.0
        D:4 |     255 |       0 |   0.0 |      21 |       0 |   0.0
        D:5 |     347 |       0 |   0.0 |       9 |       0 |   0.0
        D:6 |    1335 |       0 |   0.0 |      28 |       0 |   0.0
        D:7 |       3 |       0 |   0.0 |       1 |       0 |   0.0
            +---------+---------+-------+---------+---------+-------

Illustrated notes

Table legend:
 A = Kills in this place as a percentage of kills in entire the game.
 B = Kills by you in this place as a percentage of kills by you in the entire game.
 C = Kills by friends in this place as a percentage of kills by friends in the entire game.
 D = Other kills in this place as a percentage of other kills in the entire game.
 E = Experience gained in this place as a percentage of experience gained in the entire game.
 F = Experience gained in this place divided by the number of levels of this place that you have seen.
                   A       B       C       D       E      F
               +-------+-------+-------+-------+-------+----------------------
         Total | 100.0 | 100.0 |   N/A | 100.0 | 100.0 | 299.9
       Dungeon | 100.0 | 100.0 |   N/A | 100.0 | 100.0 | 299.9
               +-------+-------+-------+-------+-------+----------------------

Table legend: (Time is in decaauts)
 A = Elapsed time spent in this place.
 B = Non-inter-level travel time spent in this place.
 C = Inter-level travel time spent in this place.
 D = Time resting spent in this place.
 E = Time spent auto-exploring this place.
 F = Levels seen in this place.
 G = Mean time per level.
                   A        B        C        D        E       F      G
               +--------+--------+--------+--------+--------+-----+--------+
         Total |   6222 |   5933 |    289 |    730 |   4393 |   7 |  888.9 |
       Dungeon |   6222 |   5933 |    289 |    730 |   4393 |   7 |  888.9 |
               +--------+--------+--------+--------+--------+-----+--------+

Top non-repeatable levels by time:
     D:5: 1303 daAuts
     D:3: 1183 daAuts
     D:4: 1039 daAuts
     D:1: 958 daAuts
     D:2: 868 daAuts
     D:6: 736 daAuts
     D:7: 131 daAuts
